 Dungeon Crawl Stone Soup version 0.31-a0-675-g238779eb0a (webtiles) character file.

Game seed: 1883843014515620994

49 qw the Shooter (level 3, -2/22 HPs)
             Began as a Gargoyle Hunter on Sept 5, 2023.
             Slain by a gnoll
             ... wielding a +1 whip of holy wrath
              (4 damage)
             ... on level 2 of the Dungeon.
             The game lasted 00:00:29 (1036 turns).

qw the Shooter (Gargoyle Hunter)                    Turns: 1036, Time: 00:00:29

Health: -2/22      AC:  8    Str: 14    XL:     3   Next: 77%
Magic:  3/3        EV: 11    Int:  9    God:
Gold:   2          SH:  0    Dex: 15    Spells: 2/2 levels left

rFire   + . .        Y - +1 shortbow
rCold   + . .        (shield currently unavailable)
rNeg    + . .        i - +0 ring mail
rPois   inf          (no helmet)
rElec   +            k - scarf {rC+ rF+}
rCorr   .            (no gloves)
SInv    .            (no boots)
Will    .....        (no amulet)
Stlth   +            (no ring)
HPRegen 0.23/turn    (no ring)
MPRegen 0.08/turn

%: no passive effects
@: no status effects
A: sickness immunity, AC +3, negative energy resistance 1, electricity
resistance, torment resistance 1, petrification resistance
a: no special abilities


You were on level 2 of the Dungeon.
You visited 1 branch of the dungeon, and saw 2 of its levels.

You collected 2 gold pieces.


Innate Abilities, Weirdness & Mutations

You are immune to sickness and miasma.
Your stone body is resilient. (AC +3)
You are immune to poison.
You resist negative energy. (rN+)
You are resistant to electric shocks. (rElec)
You are resistant to unholy torment.
You are immune to petrification.


   Skills:
 + Level 2.3 Fighting
 - Level 5.0 Ranged Weapons
 - Level 1.5 Armour
 - Level 1.5 Dodging
 - Level 1.1 Stealth


You had 2 spell levels left.
You didn't know any spells.
Your spell library was empty.

Inventory:

Hand Weapons
 Y - a +1 shortbow (weapon)
Armour
 i - a +0 ring mail (worn)
 k - a scarf of resistance (worn)
Jewellery
 a - a ring of protection from cold
Potions
 g - a potion of brilliance {unknown}

Dungeon Overview and Level Annotations

Branches:
Dungeon (2/15)

Altars:

Shops:
D:2 [


Message History

The gnoll is lightly wounded.
You shoot an arrow. The arrow hits the gnoll.
The gnoll is moderately wounded.
You shoot an arrow. The arrow hits the gnoll.
The gnoll is heavily wounded.
A nearby plant withers and dies.
The gnoll misses you. The gnoll barely misses you.
You shoot an arrow. The arrow hits the gnoll.
The gnoll is almost dead.
The gnoll misses you.
You shoot an arrow. The arrow hits the gnoll.
The gnoll is lightly wounded.
The gnoll closely misses you.
You shoot an arrow. The arrow closely misses the gnoll.
The gnoll hits you from afar with a +0 spear.
The gnoll closely misses you.
The gnoll hits you but does no damage. x2
You shoot an arrow. The arrow closely misses the gnoll.
The gnoll hits you but does no damage. The gnoll misses you.
You shoot an arrow.
The arrow hits the gnoll but does no damage.
The gnoll is lightly wounded.
The gnoll hits you from afar with a +0 spear.
The gnoll hits you with a +1 whip of holy wrath.
You shoot an arrow. The arrow barely misses the gnoll.
The gnoll hits you from afar with a +0 spear.
The gnoll hits you with a +1 whip of holy wrath.
You shoot an arrow. The arrow barely misses the gnoll.
The gnoll hits you from afar with a +0 spear.
The gnoll hits you with a +1 whip of holy wrath.
The gnoll completely misses you. The gnoll closely misses you.
You shoot an arrow. The arrow barely misses the gnoll.
The gnoll hits you but does no damage. The gnoll completely misses you.
You shoot an arrow. The arrow barely misses the gnoll.
The gnoll hits you but does no damage. The gnoll closely misses you.
You shoot an arrow.
The arrow hits the gnoll but does no damage.
The gnoll is lightly wounded.
The gnoll hits you from afar with a +0 spear.
The gnoll hits you with a +1 whip of holy wrath.
You die... #.# P..... ... #.# P..... #.# #.# .PPP.

#.# #.# .... #.#
##.# #..##
#.######..# #.g#
#)#.......###
#.###.#.####.##.#
#@g.....# #.##.#
##.##.### #.##.#
#.##.# #.##.#
#.##.# #.##.#
#.#########....##
#.. ........##...
### #############


You could see 2 gnolls.

Vanquished Creatures
  A gnoll (D:2)
  2 dart slugs
  5 ball pythons (D:1)
  7 endoplasms
  A giant cockroach (D:1)
  3 goblins
  3 hobgoblins
  A quokka (D:2)
  5 bats (D:1)
  2 frilled lizards (D:1)
  2 kobolds (D:1)
  A rat (D:1)
33 creatures vanquished.

Notes
Turn   | Place    | Note
-------+----------+-------------------------------------------
     0 | D:1      | qw the Gargoyle Hunter began the quest for the Orb.
     0 | D:1      | Reached XP level 1. HP: 12/12 MP: 1/1
     0 | D:1      | 0 ||| qw: Version: 0.3-a-75-g829b12e
     0 | D:1      | 0 ||| qw: Game counter: 156
     0 | D:1      | 0 ||| qw: Melee chars always use a shield: true
     0 | D:1      | 0 ||| qw: God list: Okawaru
     0 | D:1      | 0 ||| qw: Allow faded altars: false
     0 | D:1      | 0 ||| qw: Do Orc after clearing Dungeon:15 true
     0 | D:1      | 0 ||| qw: Do second Lair branch before Depths: true
     0 | D:1      | 0 ||| qw: Lair rune preference: random
     0 | D:1      | 0 ||| qw: Goals: Normal
     0 | D:1      | 0 ||| PLANNING D:1-11
   150 | D:1      | Reached XP level 2. HP: 17/17 MP: 2/2
   440 | D:1      | Reached XP level 3. HP: 17/21 MP: 3/3
   512 | D:1      | Reached skill level 5 in Ranged Weapons
   726 | D:1      | 726 ||| UPGRADING to +0 ring mail.
   736 | D:1      | 736 ||| DROPPING +0 leather armour.
   737 | D:1      | 737 ||| UPGRADING to scarf of resistance.
   742 | D:1      | 742 ||| READING scroll labelled GAT GUPSIZE.
   746 | D:1      | 746 ||| READING scroll labelled UFEORO QETZU.
   747 | D:1      | 747 ||| READING scroll labelled LYIL PYLANY.
   748 | D:1      | 748 ||| READING scroll labelled VIATWI UDWIHUI.
   749 | D:1      | 749 ||| READING scroll labelled POUMADWABB.
   750 | D:1      | 750 ||| DRINKING 2 puce potions.
   759 | D:1      | 759 ||| DROPPING scroll of butterflies.
   760 | D:1      | 760 ||| DROPPING potion of ambrosia.
   824 | D:2      | Found Notaf's Armour Shop.
   863 | D:2      | 863 ||| FLEEEEING.
   959 | D:2      | Reached skill level 1 in Armour
  1033 | D:2      | HP: 5/22 [gnoll/+1 whip of holy wrath (3)]
  1036 | D:2      | HP: 2/22 [gnoll/+0 spear (4)]
  1036 | D:2      | Slain by a gnoll

Levels and vault maps discovered:
D:1:      dpeg_arrival_chambers_temple_mockup, layout_loops_ring
D:2:      layout_basic, serial_shops, nicolae_shop_hallway_stairs,
          nicolae_grassy_gnolls

Skill      XL: |  1  2  3 |
---------------+----------+-----
Ranged Weapons | 5 |  5.0
Armour         | 1 |  1.5
Fighting       | |  2.3
Dodging        | |  1.5
Stealth        | |  1.1

Action                     || total
---------------------------++-------
   Fire: Shortbow          ||   116
    Use: Scroll            ||     5
         Potion            ||     1
 Armour: Leather armour    ||    31
         Ring mail         ||    21
  Dodge: Dodged            ||    52

Table legend:
 A = Non-vault XP
 B = Vault XP
 C = Vault XP percentage of total XP
 D = Non-vault monster count
 E = Vault monster count
 F = Vault count percentage of total count
                 A         B        C        D         E       F
            +---------+---------+-------+---------+---------+-------
      Total |      57 |      14 |  19.7 |      32 |       1 |   3.0
            +---------+---------+-------+---------+---------+-------
        D:1 |      45 |       0 |   0.0 |      27 |       0 |   0.0
        D:2 |      12 |      14 |  53.8 |       5 |       1 |  16.7
            +---------+---------+-------+---------+---------+-------
